 Dungeon Crawl Stone Soup version 0.22-a0-609-gfedc9ff (webtiles) character file.

53 Hebeh the Magician (level 3, 0/19 HPs)
             Began as a Deep Elf Fire Elementalist on July 10, 2018.
             Slain by a goblin (3 damage)
             ... led by Robin
             ... on level 2 of the Dungeon.
             The game lasted 00:07:59 (1782 turns).

Hebeh the Magician (Deep Elf Fire Elementalist)     Turns: 1782, Time: 00:08:00

Health: 0/19       AC:  2    Str:  6    XL:     3   Next: 64%
Magic:  5/10       EV: 13    Int: 19    God:
Gold:   98         SH:  0    Dex: 15    Spells: 8/9 levels left

rFire    . . .     SeeInvis .   d - -1 dagger (curse)
rCold    . . .     Gourm    .   (no shield)
rNeg     . . .     Faith    .   a - +0 robe
rPois    .         Spirit   .   (no helmet)
rElec    .         Reflect  .   (no cloak)
rCorr    .         Harm     .   (no gloves)
MR       .....                  (no boots)
Stlth    ++........             (no amulet)
HPRegen  0.06/turn              (no ring)
MPRegen  0.12/turn              (no ring)

@: very slightly contaminated
A: no striking features
a: no special abilities


You were on level 2 of the Dungeon.
You were not hungry.

You visited 1 branch of the dungeon, and saw 2 of its levels.

You collected 98 gold pieces.

Inventory:

Hand Weapons
 d - a cursed -1 dagger (weapon)
 p - a +0 short sword
 q - a +0 hunting sling
Missiles
 n - 27 stones (quivered)
Armour
 a - a +0 robe (worn)
 g - a +0 pair of gloves
Scrolls
 b - a scroll of identify {unknown}
Potions
 i - 2 potions of degeneration {unknown}
 l - a potion of magic {unknown}
 o - a potion of haste {unknown}
Comestibles
 c - 3 rations
 f - 3 chunks of flesh


   Skills:
 - Level 2.4 Dodging
 - Level 2.4 Stealth
 + Level 3.8 Spellcasting
 * Level 2.9 Conjurations
 + Level 3.8 Fire Magic


You had 8 spell levels left.
You knew the following spells:

 Your Spells              Type           Power        Failure   Level  Hunger
a - Flame Tongue          Conj/Fire      ###..        3%          1    None

Your spell library contained the following spells:

 Spells                   Type           Power        Failure   Level  Hunger
 Fireball                 Conj/Fire      ###.......   69%         5    ######.
 Conjure Flame            Conj/Fire      ###.....     11%         3    ###....
 Confuse                  Hex            #.......     38%         3    ###....
 Throw Flame              Conj/Fire      ###...       5%          2    ##.....
 Sticky Flame             Conj/Fire      ###.....     34%         4    ####...
 Confusing Touch          Hex            #.....       14%         1    None
 Metabolic Englaciation   Hex/Ice        #.........   98%         5    ######.
 Petrify                  Tmut/Erth      #.......     80%         4    ####...
 Inner Flame              Hex/Fire       ##......     19%         3    ###....
 Gell's Gravitas          Tloc           #.........   38%         3    ###....
 Yara's Violent Unravell  Hex/Tmut       #.........   98%         5    ######.


Dungeon Overview and Level Annotations

Branches:
Dungeon (2/15)

Altars:
Makhleb
Qazlal

Annotations:
D:2 Robin


Message History

Robin zaps a wand.
Some rock shatters into small pieces.
The hobgoblin hits you.
A hobgoblin comes into view.
Robin roars a battlecry!
The goblins go into a battle-frenzy!
You hear a shout!
The goblin misses you.
Robin says, "Kneel, worm!"
A hobgoblin comes into view. It is wielding a club.
The hobgoblin hits you.
* * * LOW HITPOINT WARNING * * *
Robin throws the goblin at you!
* * * LOW HITPOINT WARNING * * *
The goblin barely misses you.
You closely miss the goblin. The goblin barely misses you. x2
The hobgoblin shouts!
You hit the goblin.
The goblin is heavily wounded.
The goblin hits you.
You die...

,....#.......g....,,,,,,,,,,,*,*
........#..g.....(,,,,..,,,,,*,**
..................,,,...,,,,,,,,,
.....##.g...#....###...,,,,,,*,*,
.........g###*#....#.###**,*,*,*,
...........####.........,,,*,*,*,
........()g...+........,,,,,,,,*,
......#......##....#.#..,,,,,****
............gg.g@g......,,,,,,,,,
......##.......g.#.#.#......#,##,
......##.........#.#.#.........#.
.#...............#.#.#...........
.'........#####+#........#.##..##
##..........# *,*..#.#...........
..........###****#..........#..##
..#.......#*,*,*,###........#....
.##......##≈≈≈≈≈≈#............#**


You could see Robin, 2 hobgoblins and 2 goblins.

Vanquished Creatures
  An ooze (D:2)
  2 worms (D:2)
  A dart slug (D:2)
  2 leopard geckos (D:2)
  A ball python (D:2)
  6 bats
  3 giant cockroaches
  4 goblins (D:2)
  4 hobgoblins (D:1)
  4 jackals (D:2)
  3 frilled lizards
  3 kobolds
  3 rats (D:1)
37 creatures vanquished.

Notes
Turn   | Place    | Note
-------+----------+-------------------------------------------
     0 | D:1      | Hebeh the Deep Elf Fire Elementalist began the quest for the Orb.
     0 | D:1      | Reached XP level 1. HP: 10/10 MP: 6/6
   350 | D:1      | Reached XP level 2. HP: 14/15 MP: 0/8
  1231 | D:2      | Reached XP level 3. HP: 19/19 MP: 6/10
  1405 | D:2      | Found a burning altar of Makhleb.
  1669 | D:2      | Found a stormy altar of Qazlal.
  1759 | D:2      | Noticed Robin
  1782 | D:2      | Slain by a goblin

Vault maps used:
D:1:      saegor_arrival_simple_e, minmay_fountain_box
D:2:      old_standard_altar, nicolae_overflow_hidden_temple,
          okawaru_altar_gauntlet_db, first_ration, uniq_robin

Skill      XL: |  1  2 |
---------------+-------+-----
Conjurations   | 2 |  2.9
Dodging        | |  2.4
Stealth        | |  2.4
Spellcasting   | |  3.8
Fire Magic     | |  3.8

Action                   || total
-------------------------++-------
Melee: Dagger            ||    12
Throw: Stone             ||    11
 Cast: Flame Tongue      ||    73
  Use: Scroll            ||     6
  Eat: Chunk             ||     2
Armor: Robe              ||     4
Dodge: Dodged            ||    34

Table legend:
 A = Spawn XP
 B = Non-spawn XP
 C = Spawn XP percentage of total XP
 D = Spawn monster count
 E = Non-spawn monster count
 F = Spawn count percentage of total count
 G = Total turns spent on level
                    A         B        C        D         E        F      G
               +---------+---------+-------+---------+---------+-------+---------
         Total |       0 |      77 |   0.0 |       0 |      37 |   0.0 |  1782
               +---------+---------+-------+---------+---------+-------+---------
           D:1 |       0 |      23 |   0.0 |       0 |      15 |   0.0 |  1038
           D:2 |       0 |      54 |   0.0 |       0 |      22 |   0.0 |   744
               +---------+---------+-------+---------+---------+-------+---------
